 Dungeon Crawl Stone Soup version 0.27-a0-972-gd1521fd518 (webtiles) character file.

Game seed: 11067998344829275336

11 Alarkh the Insei (level 2, 13/21 HPs)
             Began as a Demonspawn Transmuter on Apr 13, 2021.
             Got out of the dungeon alive.
             The game lasted 00:00:24 (396 turns).

Alarkh the Insei (Demonspawn Transmuter)             Turns: 396, Time: 00:00:24

Health: 13/21      AC:  2    Str: 10    XL:     2   Next: 17%
Magic:  5/5        EV: 12    Int: 14    God:
Gold:   17         SH:  0    Dex: 13    Spells: 4/5 levels left

rFire    . . .     SeeInvis .     - Unarmed
rCold    . . .     Faith    .   (no shield)
rNeg     . . .     Spirit   .   a - +0 robe
rPois    .         Reflect  .   (no helmet)
rElec    .         Harm     .   (no cloak)
rCorr    .         Rampage  .   (no gloves)
Will     .....                  (no boots)
Stlth    +.........             (no amulet)
HPRegen  0.07/turn              (no ring)
MPRegen  0.09/turn              (no ring)

@: no status effects
A: ignite blood 1
a: no special abilities


You escaped.
You visited 1 branch of the dungeon, and saw 1 of its levels.

You collected 17 gold pieces.

Inventory:

Armour
 a - a +0 robe (worn)
Scrolls
 b - a scroll of teleportation {unknown}
 d - a scroll of noise {unknown}
Potions
 c - a potion of curing {unknown}


   Skills:
 + Level 1.3 Fighting
 - Level 1.7 Dodging
 * Level 3.0 Unarmed Combat
 + Level 2.1 Spellcasting
 + Level 2.0 Transmutations


You had 4 spell levels left.
You knew the following spells:

 Your Spells              Type           Power      Damage    Failure   Level
a - Beastly Appendage     Tmut           14%        N/A       11%         1

Your spell library contained the following spells:

 Spells                   Type           Power      Damage    Failure   Level
 Wereblood                Tmut           7%         N/A       16%         2
 Spider Form              Tmut/Pois      2%         N/A       43%         3
 Ice Form                 Ice/Tmut       4%         N/A       83%         4
 Hydra Form               Tmut           3%         N/A       96%         5


Dungeon Overview and Level Annotations

Branches:
Dungeon (1/15)

Altars:


Innate Abilities, Weirdness & Mutations

Your demonic aura sometimes causes spilled blood to erupt in flames


Message History

You extend your transformation's duration.
The jackal bites you.
A rat comes into view.
Unknown command.
You miss the jackal. The jackal bites you. x2
You closely miss the jackal. You headbutt the jackal.
The jackal is moderately wounded.
The rat twitches its whiskers.
The jackal bites you.
You barely miss the jackal. You claw the jackal.
You kill the jackal!
You hit the kobold.
You kill the kobold!
Your Transmutations skill increases to level 2!
Things that are here:
a +0 dagger; 4 stones; a jackal corpse The rat completely misses you.
You barely miss the rat. Your kick misses the rat. The rat bites you.
You are too injured to fight recklessly!
You are too injured to fight recklessly!
You are too injured to fight recklessly!
You are too injured to fight recklessly!
You barely miss the rat. You claw the rat. Your headbutt misses the rat.
The rat is heavily wounded.
Your transformation is almost over.
The rat bites you but does no damage.
You hit the rat but do no damage. You claw the rat.
You kill the rat!
Your Unarmed Combat skill increases to level 3!
Found a stone staircase leading down.
Unknown command.
Things that are here:
a +0 dagger; 4 stones; a jackal corpse Your horns disappear.
Your talons disappear.
Found 6 gold pieces.
Found a stone staircase leading down.
Found 8 gold pieces.
You see here a rat skeleton.
There is a staircase leading out of the dungeon here.
Are you sure you want to leave the Dungeon?
This will make you lose the game!
You have escaped!

#..# ##.# ##.###
#....# #....#### #
.#######.......####..#
......÷.....##......≈#
########............≈#
#(...@#.....≈≈#
####.##...≈≈≈≈#
#......≈≈≈≈≈≈#
#....≈≈≈≈≈≈≈≈#
#...≈≈≈≈≈≈≈≈≈#
#..≈≈≈≈≈≈≈≈≈≈#
#..≈≈≈≈≈≈≈≈≈≈#
#.≈≈≈≈≈≈≈≈≈
#.≈≈≈≈≈≈≈≈≈


There were no monsters in sight!

Vanquished Creatures
  A ball python (D:1)
  A bat (D:1)
  An endoplasm (D:1)
  A hobgoblin (D:1)
  A jackal (D:1)
  A kobold (D:1)
  A quokka (D:1)
  A frilled lizard (D:1)
  2 rats (D:1)
10 creatures vanquished.

Notes
Turn   | Place    | Note
-------+----------+-------------------------------------------
     0 | D:1      | Alarkh the Demonspawn Transmuter began the quest for the
                  | Orb.
     0 | D:1      | Reached XP level 1. HP: 15/15 MP: 3/3
   324 | D:1      | Gained mutation: Your demonic aura sometimes causes spilled
                  | blood to erupt in flames [demonic ancestry]
   324 | D:1      | Reached XP level 2. HP: 19/21 MP: 3/5
   337 | D:1      | Reached skill level 3 in Unarmed Combat
   396 | D:$      | Got out of the dungeon alive.

Illustrated notes

Levels and vault maps discovered:
D:1:      dpeg_arrival_water_altar, layout_rooms,
          shapermc_ecumenical_altar_mp_vishouse, minmay_tetromino_s4

Skill      XL: |  1  2 |
---------------+-------+-----
Transmutations | 2 |  2.0
Unarmed Combat | 3 |  3.0
Fighting       | |  1.3
Dodging        | |  1.7
Spellcasting   | |  2.1

Action                   || total
-------------------------++-------
Melee: Unarmed           ||    28
       Kick              ||    11
       Headbutt          ||     2
 Cast: Beastly Appendage ||     5
Armor: Robe              ||     9
Dodge: Dodged            ||    30

Table legend: (Time is in decaauts)
 A = Elapsed time spent in this place.
 B = Non-inter-level travel time spent in this place.
 C = Inter-level travel time spent in this place.
 D = Time resting spent in this place.
 E = Time spent auto-exploring this place.
 F = Levels seen in this place.
 G = Mean time per level.
                   A        B        C        D        E       F      G
               +--------+--------+--------+--------+--------+-----+--------+
         Total |    394 |    338 |     56 |      0 |    269 |   1 |  394.0 |
       Dungeon |    394 |    338 |     56 |      0 |    269 |   1 |  394.0 |
               +--------+--------+--------+--------+--------+-----+--------+

Top non-repeatable levels by time:
     D:1: 394 daAuts
